 Dungeon Crawl Stone Soup version 0.27-a0-887-gcab673c142 (webtiles) character file.

Game seed: 2310344525724469334

6 jestyr24 the Shield-Bearer (level 2, 0/24 HPs)
             Began as a Formicid Fighter on Apr 3, 2021.
             Slain by an endoplasm (1 damage)
             ... on level 1 of the Dungeon.
             The game lasted 00:00:14 (67 turns).

jestyr24 the Shield-Bearer (Formicid Fighter)         Turns: 67, Time: 00:00:14

Health: 0/24       AC:  6    Str: 20    XL:     2   Next: 0%
Magic:  2/2        EV:  7    Int:  7    God:
Gold:   7          SH:  9    Dex: 10    Spells: 1/1 levels left

rFire    . . .     SeeInvis +   a - +0 long sword
rCold    . . .     Faith    .   c - +0 kite shield
rNeg     . . .     Spirit   .   b - +0 scale mail
rPois    .         Reflect  .   (helmet unavailable)
rElec    .         Harm     .   (no cloak)
rCorr    .         Rampage  .   (no gloves)
Will     .....                  (no boots)
Stlth    ..........             (no amulet)
HPRegen  0.08/turn              (no ring)
MPRegen  0.08/turn              (no ring)

@: no status effects
A: permanent stasis, dig shafts and tunnels, antennae 3, four strong arms
a: Dig, Shaft Self


You were on level 1 of the Dungeon.
You visited 1 branch of the dungeon, and saw 1 of its levels.

You collected 7 gold pieces.

Inventory:

Hand Weapons
 a - a +0 long sword (weapon)
Armour
 b - a +0 scale mail (worn)
 c - a +0 kite shield (worn)
Potions
 d - a potion of might


   Skills:
 + Level 3.4 Fighting
 + Level 2.0 Long Blades
 + Level 3.4 Armour
 + Level 3.8 Shields


You had one spell level left.
You didn't know any spells.
Your spell library was empty.

Dungeon Overview and Level Annotations

Branches:
Dungeon (1/15)

Altars:


Innate Abilities, Weirdness & Mutations

You cannot be hasted, slowed, berserked, paralysed or teleported.
You can dig through walls and to a lower floor.
You have a pair of large antennae on your head. (SInv)
Your four strong arms can wield two-handed weapons with a shield.


Message History

You slash the jackal!
You kill the jackal!
The goblin closely misses you.
You riposte.
You closely miss the goblin.
You have reached level 2!
You hit the endoplasm but do no damage. You block the goblin's attack.
The endoplasm freezes you.
You are frozen.
You block the goblin's attack.
You hit the endoplasm.
The endoplasm is almost dead.
The endoplasm freezes you.
You are frozen.
The goblin hits you but does no damage. You block the endoplasm's attack.
Your shield and scale mail prevent you from hitting the endoplasm.
The endoplasm is almost dead.
The goblin hits you but does no damage.
The endoplasm hits you but does no damage.
The goblin barely misses you.
Your shield and scale mail prevent you from hitting the endoplasm.
The endoplasm is almost dead.
The endoplasm barely misses you. The goblin closely misses you.
The endoplasm freezes you.
You are frozen.
You completely miss the endoplasm.
The endoplasm is almost dead.
The goblin barely misses you. The endoplasm freezes you.
You are frozen.
* * * LOW HITPOINT WARNING * * *
The goblin hits you but does no damage.
You closely miss the goblin. You block the endoplasm's attack.
The goblin hits you with a +0 long sword.
* * * LOW HITPOINT WARNING * * *
The endoplasm freezes you.
You are frozen.
* * * LOW HITPOINT WARNING * * *
You closely miss the goblin.
The goblin hits you with a +0 long sword.
* * * LOW HITPOINT WARNING * * *
The endoplasm hits you.
You die...

#........#
#........#
#........#
#........#
#........###...
#...........J.g
#.# ......# #J#
......# #@#
......#
######g#####.
..♣...#
#...>.........
.8....#
#.###.######..
......# #.#
#... ......#
#.# #####
<.....# #.#
......# #.#
.##########.#


You could see an endoplasm and a goblin.

Vanquished Creatures
  4 jackals (D:1)
  A bat (D:1)
5 creatures vanquished.

Notes
Turn   | Place    | Note
-------+----------+-------------------------------------------
     0 | D:1      | jestyr24 the Formicid Fighter began the quest for the Orb.
     0 | D:1      | Reached XP level 1. HP: 18/18 MP: 1/1
    61 | D:1      | Reached XP level 2. HP: 21/24 MP: 2/2
    67 | D:1      | HP: 1/24 [goblin/+0 long sword (1)]
    67 | D:1      | Slain by an endoplasm

Illustrated notes

Levels and vault maps discovered:
D:1:      wander_arrival_peaceful_grave, layout_basic

Action                   || total
-------------------------++-------
Melee: Long sword        ||    18
Armor: Scale mail        ||     9
Dodge: Dodged            ||    15
Block: Kite shield       ||    13
       Rpst.: Long sword ||     5

Table legend: (Time is in decaauts)
 A = Elapsed time spent in this place.
 B = Non-inter-level travel time spent in this place.
 C = Inter-level travel time spent in this place.
 D = Time resting spent in this place.
 E = Time spent auto-exploring this place.
 F = Levels seen in this place.
 G = Mean time per level.
                   A        B        C        D        E       F      G
               +--------+--------+--------+--------+--------+-----+--------+
         Total |     75 |     75 |      0 |      0 |     43 |   1 |   75.0 |
       Dungeon |     75 |     75 |      0 |      0 |     43 |   1 |   75.0 |
               +--------+--------+--------+--------+--------+-----+--------+

Top non-repeatable levels by time:
     D:1: 75 daAuts
